 Dungeon Crawl Stone Soup version 0.31.0-12-g77e489cdc1 (webtiles) character file.

Game seed: 5433520737405039753

151 NotreDorf the Chiller (level 5, -1/38 HPs)
             Began as a Merfolk Ice Elementalist on Feb 27, 2024.
             Slain by a gnoll
             ... wielding a +0 spear
             ... led by a gnoll bouda
              (7 damage)
             ... on level 4 of the Dungeon.
             The game lasted 00:11:57 (3582 turns).

NotreDorf the Chiller (Merfolk Ice Elementalist)    Turns: 3582, Time: 00:11:59

Health: -1/38      AC:  2    Str:  8    XL:     5   Next: 33%
Magic:  0/9        EV: 13    Int: 16    God:
Gold:   99         SH:  0    Dex: 15    Spells: 2/9 levels left

rFire   . . .        f - +0 short sword
rCold   . . .        (no shield)
rNeg    . . .        a - +0 robe
rPois   .            (no helmet)
rElec   .            (no cloak)
rCorr   .            (no gloves)
SInv    .            (no boots)
Will    .....        (no amulet)
Stlth   ++           (no ring)
HPRegen 0.26/turn    (no ring)
MPRegen 0.11/turn

%: no passive effects
@: weakened, freezing walls
A: (nimble swimmer 2), mertail
a: no special abilities


You were on level 4 of the Dungeon.
You visited 1 branch of the dungeon, and saw 4 of its levels.

You collected 99 gold pieces.

Inventory:

Hand Weapons
 f - a +0 short sword (weapon)
Missiles
 e - 20 stones (quivered)
Armour
 a - a +0 robe (worn)
 i - an orb of energy
Wands
 k - a wand of paralysis (6)
Scrolls
 g - 3 scrolls of teleportation {unknown}
 h - 3 scrolls of vulnerability {unknown}
 l - a scroll of torment {unknown}
 m - 2 scrolls of blinking {unknown}
 n - a scroll of noise {unknown}
 r - 2 scrolls of identify {unknown}
 s - a scroll of enchant armour {unknown}
Potions
 b - a potion of magic
 c - 2 potions of curing {unknown}
 d - a potion of heal wounds {unknown}
 j - a potion of invisibility {unknown}
 o - a potion of enlightenment {unknown}
 p - a potion of resistance {unknown}
 q - a potion of attraction {unknown}
 t - a potion of might {unknown}


   Skills:
 + Level 1.9 Fighting
 - Level 1.0 Short Blades
 + Level 4.1 Dodging
 + Level 3.3 Stealth
 + Level 2.7 Spellcasting
 + Level 5.0 Ice Magic


You had 2 spell levels left.
You knew the following spells:

 Your Spells              Type           Power      Damage    Failure   Level
a - Freeze                Ice            72%        1d8       2%          1
b - Frozen Ramparts       Ice            36%        1d6       8%          3
c - Ozocubu's Armour      Ice            18%        N/A       8%          3

Your spell library contained the following spells:

 Spells                   Type           Power      Damage    Failure   Level
 Summon Ice Beast         Ice/Summ       10%        N/A       21%         3


Dungeon Overview and Level Annotations

Branches:
Dungeon (4/15)
 Temple: D:4-7

Altars:
Cheibriados
Gozag
Kikubaaqudgha
Makhleb
Uskayaw
Yredelemnul
Zin

Shops:
D:3 :


Innate Abilities, Weirdness & Mutations

((You are very nimble when in or above water. (Stealth+, EV+, Speed+++)))
Your lower body shifts to a powerful aquatic tail in water.


Message History

Casting: Frozen Ramparts (dangerous; 8% risk of failure)
Press: ? - help, Dir - look around, f - activate The walls around you are covered in ice.
The wall freezes the gnoll.
The gnoll closely misses you.
The wall freezes the gnoll bouda.
The gnoll bouda calls upon its god to heal the gnoll.
The gnoll is healed somewhat.
Throw: 23 stones
Press: ? - help, Q - select action, (/) - cycle Shift-Dir - straight line, f - gnoll
Aim: a gnoll, wielding a +0 spear (lightly wounded, covering ground quickly, 58% to hit)
You throw a stone.
The stone hits the gnoll but does no damage.
The gnoll is lightly wounded.
The wall freezes the gnoll.
The gnoll hits you from afar with a +0 spear.
The wall freezes the gnoll bouda.
Throw: 22 stones
Press: ? - help, Q - select action, (/) - cycle Shift-Dir - straight line, f/p - gnoll
Aim: a gnoll, wielding a +0 spear (moderately wounded, covering ground quickly, 58% to hit)
You throw a stone.
The stone hits the gnoll but does no damage.
The gnoll is moderately wounded.
The wall freezes the gnoll.
The gnoll hits you from afar with a +0 spear!
* * * LOW HITPOINT WARNING * * *
The wall freezes the gnoll bouda.
The gnoll bouda calls upon its god to heal the gnoll.
The gnoll's wounds heal themselves!
The wall freezes the gnoll.
The gnoll barely misses you.
Throw: 21 stones
Press: ? - help, Q - select action, (/) - cycle Shift-Dir - straight line, f/p - gnoll
Aim: a gnoll, wielding a +0 spear (lightly wounded, covering ground quickly, 58% to hit)
You throw a stone. The stone barely misses the gnoll.
The stone hits the gnoll bouda but does no damage.
The gnoll bouda is severely wounded.
The wall freezes the gnoll bouda.
You kill the gnoll bouda!
The wall freezes the gnoll.
The gnoll hits you from afar with a +0 spear!
You die...

#..... #....
#.... ...
#.## #.)#
##g# #)#
###@##
###....##
#...<...#
#>...#...#
#.#####.....
#. .....# #
#..### #.#
##


You could see a gnoll (swift).

Vanquished Creatures
  A gnoll bouda (D:4)
  2 gnolls (D:4)
  7 adders
  2 dart slugs
  2 ribbon worms
  2 orcs (D:3)
  4 ball pythons
  2 endoplasms
  A giant cockroach (D:3)
  4 hobgoblins
  4 jackals (D:3)
  2 quokkas
  3 bats
  5 frilled lizards
  9 goblins
  6 kobolds
  7 rats
63 creatures vanquished.

Notes
Turn   | Place    | Note
-------+----------+-------------------------------------------
     0 | D:1      | NotreDorf the Merfolk Ice Elementalist began the quest for
                  | the Orb.
     0 | D:1      | Reached XP level 1. HP: 13/13 MP: 3/3
   290 | D:1      | Reached XP level 2. HP: 20/20 MP: 3/5
  1295 | D:2      | Reached skill level 1 in Fighting
  1380 | D:2      | Reached XP level 3. HP: 26/26 MP: 4/6
  2063 | D:2      | Found a faded altar of an unknown god.
  2115 | D:2      | Learned a level 3 spell: Frozen Ramparts
  2157 | D:3      | Reached XP level 4. HP: 32/32 MP: 4/7
  2315 | D:3      | Found an opulent altar of Gozag.
  2315 | D:3      | Found a burning altar of Makhleb.
  2427 | D:3      | Found a glowing silver altar of Zin.
  2794 | D:3      | Found a basalt altar of Yredelemnul.
  2831 | D:3      | Found a snail-covered altar of Cheibriados.
  2879 | D:3      | Found a hide-covered altar of Uskayaw.
  2881 | D:3      | Found an ancient bone altar of Kikubaaqudgha.
  2890 | D:3      | Reached XP level 5. HP: 38/38 MP: 3/8
  3215 | D:3      | Reached skill level 1 in Short Blades
  3415 | D:3      | Found Noges's Book Emporium.
  3516 | D:3      | Learned a level 3 spell: Ozocubu's Armour
  3575 | D:4      | Reached skill level 5 in Ice Magic
  3582 | D:4      | Slain by a gnoll

Illustrated notes

Levels and vault maps discovered:
D:1:      lemuel_arrival_behind_the_door_large, layout_loops_corners
D:2:      layout_basic, dreamdust_ecumenical_altar_grove, serial_glass,
          glass_columns_b, glass_columns_a, minmay_hedge_maze
D:3:      layout_basic, mainiacjoe_overflow_catwalk_spiral, zin_scriptorium,
          chequers_temple_overflow_statue_of_worship,
          mainiacjoe_overflow_catch_the_wave, serial_shops,
          nicolae_shop_tiny_real_fake_doors, minmay_misc_feat_ornament,
          grunt_ministairs_7, wander_ebering_terrifying_dragon_lair
D:4:      layout_cave_pods, grunt_dithmenos_smoke_and_mirrors,
          kennysheep_mini_moat, gammafunk_ghost_grave, uniq_sigmund,
          uniq_edmund, uniq_crazy_yiuf_cottage

Skill      XL: |  1  2  3  4  5 |
---------------+----------------+-----
Dodging        | 3 4 |  4.1
Fighting       | 1 |  1.9
Stealth        | 3 |  3.3
Short Blades   | 1 |  1.0
Ice Magic      | 5 |  5.0
Spellcasting   | |  2.7

Action                     |  1- 3 |  4- 6 || total
---------------------------+-------+-------++-------
  Melee: Short sword       |       |    15 ||    15
  Throw: Stone             |       |    11 ||    11
   Cast: Freeze            |    58 |    53 ||   111
         Frozen Ramparts   |       |     2 ||     2
   Stab: Sleeping          |       |     1 ||     1
 Armour: Robe              |    16 |    27 ||    43
  Dodge: Dodged            |    24 |    39 ||    63
